 Dungeon Crawl Stone Soup version 0.32-a0-136-gc02482bde3 (webtiles) character file.

Game seed: 6142555081577295580

105 Asceticacid the Shield-Bearer (level 4, 0/41 HPs)
             Began as a Gnoll Fighter on Feb 10, 2024.
             Slain by Edmund
             ... wielding a +2 dire flail of protection
              (10 damage)
             ... on level 3 of the Dungeon.
             The game lasted 00:02:34 (2543 turns).

Asceticacid the Shield-Bearer (Gnoll Fighter)       Turns: 2543, Time: 00:02:34

Health: 0/41       AC:  9    Str: 16    XL:     4   Next: 81%
Magic:  5/5        EV:  9    Int:  7    God:
Gold:   125        SH:  5    Dex: 13    Spells: 5/5 levels left

rFire   . . .        k - +1 dagger (elec)
rCold   . . .        c - +0 buckler
rNeg    . . .        b - +0 scale mail
rPois   .            l - +0 helmet
rElec   .            (no cloak)
rCorr   .            (no gloves)
SInv    .            (no boots)
Will    .....        (no amulet) Stlth
                     (no ring)
HPRegen 0.26/turn    (no ring)
MPRegen 0.09/turn

%: no passive effects
@: no status effects
A: fangs 1, strong nose, distributed training
a: no special abilities


You were on level 3 of the Dungeon.
You visited 1 branch of the dungeon, and saw 4 of its levels.

You collected 125 gold pieces.

Inventory:

Hand Weapons
 a - a +0 flail
 k - a +1 dagger of electrocution (weapon)
Missiles
 o - 9 poisoned darts (quivered)
Armour
 b - a +0 scale mail (worn)
 c - a +0 buckler (worn)
 l - a +0 helmet (worn)
 s - a +0 kite shield
Wands
 n - a wand of roots (4)
Scrolls
 e - 2 scrolls of fog {unknown}
 f - a scroll of teleportation {unknown}
 g - a scroll of noise {unknown}
 i - 3 scrolls of identify {unknown}
 j - a scroll of torment {unknown}
 m - 2 scrolls of poison {unknown}
 p - 2 scrolls of fear {unknown}
 t - 2 scrolls of amnesia {unknown}
Potions
 d - a potion of might
 h - a potion of degeneration {unknown}
 q - a potion of cancellation {unknown}
 r - a potion of heal wounds {unknown}
 u - a potion of enlightenment {unknown}


   Skills:
 + Level 6.6 Fighting
 + Level 1.3 Short Blades
 + Level 1.3 Long Blades
 + Level 1.3 Axes
 + Level 4.7 Maces & Flails
 + Level 1.3 Polearms
 + Level 1.3 Staves
 + Level 1.3 Ranged Weapons
 + Level 1.3 Throwing
 + Level 6.6 Armour
 + Level 1.3 Dodging
 + Level 1.3 Stealth
 + Level 6.6 Shields
 + Level 1.3 Unarmed Combat
 + Level 1.3 Spellcasting
 + Level 1.0 Conjurations
 + Level 1.0 Hexes
 + Level 1.0 Summonings
 + Level 1.0 Necromancy
 + Level 1.0 Translocations
 + Level 1.0 Fire Magic
 + Level 1.0 Ice Magic
 + Level 1.0 Air Magic
 + Level 1.0 Earth Magic
 + Level 1.0 Alchemy
 + Level 1.4 Invocations
 + Level 1.3 Evocations
 + Level 1.2 Shapeshifting


You had 5 spell levels left.
You didn't know any spells.
Your spell library contained the following spells:

 Spells                   Type           Power      Damage    Failure   Level
 Slow                     Hex            4%         N/A       71%         1
 Confusing Touch          Hex            1%         N/A       97%         3
 Sigil of Binding         Hex            1%         N/A       97%         3
 Vampiric Draining        Necr           1%         2d6       97%         3


Dungeon Overview and Level Annotations

Branches:
Dungeon (4/15)
 Temple: D:4-7

Altars:

Annotations:
D:3 Edmund


Innate Abilities, Weirdness & Mutations

You have very sharp teeth.
Your uncanny sense of smell can sniff out nearby items.
Your experience applies equally to all skills.


Message History

You hear a shout!
A gnoll comes into view. It is wielding a +0 club.
A gnoll comes into view. It is wielding a +0 spear of flaming.
Edmund closely misses you.
There are monsters nearby!
The gnoll shouts!
Edmund barely misses you.
A gnoll comes into view. It is wielding a +0 spear.
There are monsters nearby!
An endoplasm comes into view.
Edmund attacks as he pursues you!
Edmund hits you with a +2 dire flail of protection!
The endoplasm quivers.
Edmund attacks as he pursues you!
Edmund hits you with a +2 dire flail of protection.
Found a scroll labelled GUT RUCHITYM.
Edmund attacks as he pursues you! You block Edmund's attack.
There is a stone staircase leading up here.
You block Edmund's attack.
You climb upwards.
There is a stone staircase leading down here.
You hit Edmund but do no damage.
Edmund hits you with a +2 dire flail of protection!
You hit Edmund but do no damage. Your bite misses Edmund.
Edmund hits you with a +2 dire flail of protection.
Aiming: Fastroot
Press: ? - help, Shift-Dir - straight line, f - Edmund
Aim: Edmund, wielding a +2 dire flail of protection and wearing a +0 scale mail
Okay, then.
Unknown command.
Unknown command.
Okay, then.
Okay, then.
Edmund attacks as he pursues you!
Edmund hits you with a +2 dire flail of protection!
* * * LOW HITPOINT WARNING * * *
Edmund attacks as he pursues you!
Edmund hits you with a +2 dire flail of protection!
You die...
Edmund whines, "They better pay attention to me now!"

#.....#.###.#..##.#
#...#..## ##....#.#
#.#...#.###.###.#.##
#.##.....#.## #.#)..
#.#####.#.## #.#...
##.####.#..#####.#...
#..#...###.....#.....
#.##.##.#..###.#.....
#.##@###.#.# #.#.....
#.##@# #>#.# #.#.....
#.##.###.#รท###.......
#.....>........##..##
####.###.............
#.# ###.###.##.##.
#.####...##.##.##.
#..............##.
######...##.#####.


You could see Edmund.

Vanquished Creatures
  Robin (D:2)
  An adder (D:4)
  2 ribbon worms
  2 dart slugs
  5 orcs (D:3)
  8 endoplasms
  4 giant cockroaches
  9 goblins
  7 hobgoblins
  3 quokkas
  4 ball pythons
  4 bats
  A frilled lizard (D:1)
  7 kobolds
  3 rats
61 creatures vanquished.

Notes
Turn   | Place    | Note
-------+----------+-------------------------------------------
     0 | D:1      | Asceticacid the Gnoll Fighter began the quest for the Orb.
     0 | D:1      | Reached XP level 1. HP: 23/23 MP: 1/1
   242 | D:1      | Reached XP level 2. HP: 28/29 MP: 2/2
   650 | D:1      | Found a faded altar of an unknown god.
   660 | D:1      | Reached XP level 3. HP: 35/35 MP: 3/3
  1047 | D:2      | Reached skill level 1 in Invocations
  1211 | D:2      | Noticed Robin
  1223 | D:2      | Reached skill level 1 in Short Blades
  1223 | D:2      | Reached skill level 1 in Long Blades
  1223 | D:2      | Reached skill level 1 in Axes
  1223 | D:2      | Reached skill level 1 in Polearms
  1223 | D:2      | Reached skill level 1 in Staves
  1223 | D:2      | Reached skill level 1 in Ranged Weapons
  1223 | D:2      | Reached skill level 1 in Throwing
  1223 | D:2      | Reached skill level 1 in Dodging
  1223 | D:2      | Reached skill level 1 in Stealth
  1223 | D:2      | Reached skill level 1 in Unarmed Combat
  1223 | D:2      | Reached skill level 1 in Spellcasting
  1223 | D:2      | Reached skill level 1 in Evocations
  1235 | D:2      | Killed Robin
  1236 | D:2      | Reached skill level 1 in Shapeshifting
  1236 | D:2      | Reached XP level 4. HP: 24/41 MP: 5/5
  1762 | D:3      | Reached skill level 1 in Conjurations
  1762 | D:3      | Reached skill level 1 in Hexes
  1762 | D:3      | Reached skill level 1 in Summonings
  1762 | D:3      | Reached skill level 1 in Necromancy
  1762 | D:3      | Reached skill level 1 in Translocations
  1762 | D:3      | Reached skill level 1 in Fire Magic
  1762 | D:3      | Reached skill level 1 in Ice Magic
  1762 | D:3      | Reached skill level 1 in Air Magic
  1762 | D:3      | Reached skill level 1 in Earth Magic
  1762 | D:3      | Reached skill level 1 in Alchemy
  2530 | D:4      | Noticed Edmund
  2543 | D:3      | Slain by Edmund

Illustrated notes

Levels and vault maps discovered:
D:1:      dpeg_arrival_chambers_temple_mockup, layout_basic,
          hellmonk_ecumenical_altar_prayer_group, supply_closet_lemuel,
          serial_bayou_pond_e, minmay_misc_feat_encased
D:2:      layout_basic, uniq_robin
D:3:      layout_loops_ring, kennysheep_generic_room_3
D:4:      layout_basic, uniq_blork_the_orc, uniq_edmund

Skill      XL: |  1  2  3  4 |
---------------+-------------+-----
Invocations    | 1 |  1.4
Short Blades   | 1 |  1.3
Long Blades    | 1 |  1.3
Axes           | 1 |  1.3
Polearms       | 1 |  1.3
Staves         | 1 |  1.3
Ranged Weapons | 1 |  1.3
Throwing       | 1 |  1.3
Dodging        | 1 |  1.3
Stealth        | 1 |  1.3
Unarmed Combat | 1 |  1.3
Spellcasting   | 1 |  1.3
Evocations     | 1 |  1.3
Shapeshifting  | 1 |  1.2
Conjurations   | 1 |  1.0
Hexes          | 1 |  1.0
Summonings     | 1 |  1.0
Necromancy     | 1 |  1.0
Translocations | 1 |  1.0
Fire Magic     | 1 |  1.0
Ice Magic      | 1 |  1.0
Air Magic      | 1 |  1.0
Earth Magic    | 1 |  1.0
Alchemy        | 1 |  1.0
Fighting       | |  6.6
Maces & Flails | |  4.7
Armour         | |  6.6
Shields        | |  6.6

Action                     |  1- 3 |  4- 6 || total
---------------------------+-------+-------++-------
  Melee: Flail             |    61 |       ||    61
         Bite              |     9 |     5 ||    14
         Dagger            |    34 |    84 ||   118
 Armour: Scale mail        |    60 |    56 ||   116
  Dodge: Dodged            |    31 |    25 ||    56
  Block: Buckler           |    23 |    16 ||    39

Table legend: (Time is in decaauts)
 A = Elapsed time spent in this place.
 B = Non-inter-level travel time spent in this place.
 C = Inter-level travel time spent in this place.
 D = Time resting spent in this place.
 E = Time spent auto-exploring this place.
 F = Levels seen in this place.
 G = Mean time per level.
                   A        B        C        D        E       F      G
               +--------+--------+--------+--------+--------+-----+--------+
         Total |   2552 |   2440 |    112 |     92 |   1855 |   4 |  638.0 |
       Dungeon |   2552 |   2440 |    112 |     92 |   1855 |   4 |  638.0 |
               +--------+--------+--------+--------+--------+-----+--------+

Top non-repeatable levels by time:
     D:2: 944 daAuts
     D:1: 808 daAuts
     D:3: 705 daAuts
     D:4: 94 daAuts
